 Dungeon Crawl Stone Soup version 0.26.1-11-gd32895ea62 (webtiles) character file.

Game seed: 14890747110316213221

519 H0rd4k the Insei (level 7, -4/44 HPs)
             Began as an Octopode Transmuter on May 10, 2021.
             Splashed by a jelly's acid (6 damage)
             ... on level 5 of the Dungeon.
             The game lasted 00:03:29 (5450 turns).

H0rd4k the Insei (Octopode Transmuter)              Turns: 5450, Time: 00:03:30

Health: -4/44      AC: -3    Str:  9    XL:     7   Next: 21%
Magic:  11/11      EV: 14    Int: 18    God:
Gold:   227        SH:  0    Dex: 12    Spells: 8/12 levels left

rFire    . . .     SeeInvis .     - Unarmed
rCold    . . .     Faith    .   (no shield)
rNeg     . . .     Spirit   .   (helmet restricted)
rPois    .         Reflect  .   (no amulet)
rElec    .         Harm     .   e - ring of wizardry
rCorr    .         Rampage  .   g - ring of teleportation (curse)
Will     .....     Rnd*Tele +   (no ring)
Stlth    ++........             (no ring)
HPRegen  0.14/turn              (no ring)
MPRegen  0.12/turn              (no ring)
                                (no ring)
                                (no ring)

@: mighty, brilliant, corroded, attractive
A: almost no armour, stealthy swim, amphibious, 8 rings, constrict 8, camouflage
1, gelatinous body 1
a: no special abilities


You were on level 5 of the Dungeon.
You visited 2 branches of the dungeon, and saw 6 of its levels.

You collected 227 gold pieces.

Inventory:

Missiles
 f - 2 javelins
Jewellery
 e - a ring of wizardry (left tentacle)
 g - a cursed ring of teleportation (right tentacle)
 v - an uncursed amulet of magic regeneration {unknown}
Wands
 w - a wand of acid (8)
 y - a wand of iceblast (4)
Scrolls
 b - 4 scrolls of amnesia {unknown}
 d - 3 scrolls of enchant weapon {unknown}
 h - 4 scrolls of random uselessness {unknown}
 i - 3 scrolls of identify {unknown}
 l - 3 scrolls of immolation {unknown}
 m - 2 scrolls of enchant armour {unknown}
 n - a scroll of teleportation {unknown}
 o - a scroll of blinking {unknown}
 q - 2 scrolls of magic mapping {unknown}
 r - a scroll of fear {unknown}
 t - 6 scrolls of remove curse {unknown}
 u - 3 scrolls of fog {unknown}
Potions
 a - a potion of mutation {unknown}
 c - a potion of degeneration {unknown}
 j - a potion of brilliance
 k - a potion of might
 p - a potion of berserk rage {unknown}
 s - a potion of lignification {unknown}
 z - a potion of heal wounds {unknown}


   Skills:
 + Level 1.7 Fighting
 + Level 3.2 Dodging
 - Level 0.4 Stealth
 + Level 5.8 Unarmed Combat
 * Level 3.1 Spellcasting
 * Level 3.3 Transmutations
 + Level 2.1 Poison Magic


You had 8 spell levels left.
You knew the following spells:

 Your Spells              Type           Power        Failure   Level
a - Beastly Appendage     Tmut           44%          1%          1
b - Spider Form           Tmut/Pois      9%           6%          3

Your spell library contained the following spells:

 Spells                   Type           Power        Failure   Level
 Wereblood                Tmut           22%          2%          2
 Ice Form                 Ice/Tmut       13%          32%         4
 Blade Hands              Tmut           11%          41%         5


Dungeon Overview and Level Annotations

Branches:
Dungeon (5/15)             Temple (1/1) D:4

Altars:
Ashenzari
Cheibriados
Dithmenos
Elyvilon
Hepliaklqana
Kikubaaqudgha
Makhleb
Okawaru
Qazlal
Ru
Sif Muna
Uskayaw
Vehumet
Wu Jian
Xom
Yredelemnul
Zin
The Shining One

Annotations:
D:2 1 runed translucent door, exclusion: door, Crazy Yiuf, Purgy
D:3 exclusion: upstairs


Innate Abilities, Weirdness & Mutations

You cannot wear most types of armour.
You are very stealthy in the water. (Stealth+)
You are amphibious.
You can wear up to eight rings at the same time.
You can use your tentacles to constrict eight enemies at once.
Your skin changes colour to match your surroundings (Stealth+).
Your rubbery body absorbs attacks. (AC +1, EV +1)


Message History

The jelly is almost dead.
The adder bites you. The jelly hits you.
* * * LOW HITPOINT WARNING * * *
You are splashed with acid!
* * * LOW HITPOINT WARNING * * *
Unknown command.
It was a potion of might.
You feel very mighty all of a sudden. The adder misses you.
The jelly jiggles.
The jelly misses you. The adder closely misses you.
It was a potion of brilliance.
You feel clever all of a sudden. The adder closely misses you.
The jelly misses you.
It was a potion of attraction.
You feel attractive to monsters. The adder barely misses you.
The jelly hits you.
* * * LOW HITPOINT WARNING * * *
You are splashed with acid.
You die...

...# ..#. #.#.##
##.#.##########.#..##
....................# .
....................#..
.......................
....................#
..............@J....#
...........:..S.....#
....................#
....................#
....................#
.......................#
.......................#
.......................#
........................


You could see a jelly and an adder.

Vanquished Creatures
  A centaur (D:5)
  2 ogres (D:4)
  A bullfrog zombie (D:5)
  Jessica (D:2)
  An iguana (D:4)
  A worker ant (D:4)
  7 adders
  2 oozes (D:2)
  An adder skeleton (D:4)
  4 worms
  3 dart slugs
  A leopard gecko (D:1)
  6 orcs
  2 ball pythons
  8 bats
  4 giant cockroaches
  4 hobgoblins
  6 jackals (D:1)
  10 frilled lizards
  3 goblins
  7 kobolds
  11 rats
86 creatures vanquished.

Notes
Turn   | Place    | Note
-------+----------+-------------------------------------------
     0 | D:1      | H0rd4k the Octopode Transmuter began the quest for the Orb.
     0 | D:1      | Reached XP level 1. HP: 13/13 MP: 3/3
    37 | D:1      | Reached XP level 2. HP: 18/18 MP: 5/5
   734 | D:1      | Reached XP level 3. HP: 19/23 MP: 6/6
   738 | D:1      | Learned a level 3 spell: Spider Form
  1240 | D:2      | Reached skill level 4 in Unarmed Combat
  1251 | D:2      | Noticed Jessica
  1395 | D:2      | Killed Jessica
  1396 | D:2      | Reached XP level 4. HP: 25/28 MP: 7/7
  1522 | D:2      | Reached skill level 1 in Poison Magic
  2226 | D:2      | Found a runed translucent door.
  2227 | D:2      | Noticed Crazy Yiuf
  2371 | D:2      | Reached XP level 5. HP: 19/33 MP: 8/8
  3202 | D:3      | Noticed Purgy
  3362 | D:3      | Found a snail-covered altar of Cheibriados.
  4505 | D:4      | Noticed an ogre
  4513 | D:4      | Killed an ogre
  4514 | D:4      | Reached skill level 5 in Unarmed Combat
  4514 | D:4      | Reached XP level 6. HP: 38/38 MP: 5/10
  4731 | D:4      | Found a staircase to the Ecumenical Temple.
  4741 | Temple   | Entered the Ecumenical Temple
  5085 | D:5      | Entered Level 5 of the Dungeon
  5103 | D:5      | Reached XP level 7. HP: 33/44 MP: 11/11
  5446 | D:5      | HP: 2/44 [acid (11)]
  5450 | D:5      | Splashed by a jelly's acid

Illustrated notes

Levels and vault maps discovered:
D:1:      minmay_arrival_radiant_lines, layout_basic, chequers_arboretum,
          minivault_5, st_stairs_8
D:2:      layout_basic, st_stairs_11, corexii_leaking_fountain, hex_large,
          uniq_crazy_yiuf_cottage, uniq_jessica
D:3:      cheibrodos_helix_gallery, layout_basic, kennysheep_slug_shrine,
          uniq_purgy
D:4:      layout_basic, minmay_temple_entry_antechambers, chequers_jeans
D:5:      layout_basic, kennysheep_generic_room_7
Temple:   nicolae_temple_no_exploring_needed

Skill      XL: |  1  2  3  4  5  6  7 |
---------------+----------------------+-----
Unarmed Combat | 4 5 |  5.8
Poison Magic   | 1 2 |  2.1
Dodging        | 3 |  3.2
Transmutations | 3 |  3.3
Spellcasting   | 3 |  3.1
Fighting       | |  1.7
Stealth        | |  0.4

Action                   |  1- 3 |  4- 6 |  7- 9 || total
-------------------------+-------+-------+-------++-------
Melee: Unarmed           |    70 |   148 |    14 ||   232
       Constrict         |    21 |    28 |       ||    49
       Tentacles         |    11 |    27 |     2 ||    40
       Punch             |       |     1 |       ||     1
 Cast: Spider Form       |       |     3 |     1 ||     4
  Use: Potion            |       |       |     3 ||     3
 Stab: Sleeping          |     3 |     8 |       ||    11
Armor: Skin              |    11 |     7 |       ||    18
Dodge: Dodged            |    46 |    79 |    18 ||   143
